 Dungeon Crawl Stone Soup version 0.28.0 (webtiles) character file.

Game seed: 13899761958525328599

44 Plasmo the Magician (level 3, -2/20 HPs)
             Began as a Deep Elf Fire Elementalist on Feb 6, 2022.
             Slain by an adder (3 damage)
             ... on level 2 of the Dungeon.
             The game lasted 00:15:33 (1594 turns).

Plasmo the Magician (Deep Elf Fire Elementalist)    Turns: 1594, Time: 00:15:33

Health: -2/20      AC:  2    Str: 11    XL:     3   Next: 39%
Magic:  7/10       EV: 13    Int: 21    God:
Gold:   0          SH:  0    Dex: 15    Spells: 5/9 levels left

rFire   . . .      SeeInvis .   f - +0 short sword
rCold   . . .      Faith    .   (no shield)
rNeg    . . .      Spirit   .   a - +0 robe
rPois   .          Reflect  .   (no helmet)
rElec   .          Harm     .   (no cloak)
rCorr   .          Rampage  .   (no gloves)
Will    .....                   (no boots)
Stlth   ++........              (no amulet)
HPRegen 0.06/turn               n - +6 ring of strength
MPRegen 0.12/turn               (no ring)

@: no status effects
A: no striking features
a: no special abilities


You were on level 2 of the Dungeon.
You visited 1 branch of the dungeon, and saw 2 of its levels.

Inventory:

Hand Weapons
 e - a +0 whip
 f - a +0 short sword (weapon)
Missiles
 d - 2 javelins
Armour
 a - a +0 robe (worn)
Jewellery
 n - a +6 ring of strength (left hand)
Scrolls
 c - a scroll of teleportation
 i - a scroll of magic mapping {unknown}
 j - a scroll of vulnerability {unknown}
 k - a scroll of noise {unknown}
 m - a scroll of identify {unknown}
Potions
 h - a potion of magic {unknown}
 l - a potion of ambrosia {unknown}


   Skills:
 * Level 0.8 Fighting
 + Level 0.1 Short Blades
 * Level 0.6 Armour
 * Level 2.7 Dodging
 + Level 2.6 Stealth
 * Level 3.6 Spellcasting
 * Level 1.4 Conjurations
 * Level 3.6 Fire Magic


You had 5 spell levels left.
You knew the following spells:

 Your Spells              Type           Power      Damage    Failure   Level
a - Foxfire               Conj/Fire      56%        2x1d6     4%          1
b - Conjure Flame         Conj/Fire      14%        6-21      13%         3

Your spell library contained the following spells:

 Spells                   Type           Power      Damage    Failure   Level
 Scorch                   Fire           36%        2d7       4%          2
 Shock                    Conj/Air       24%        1d4       10%         1
 Inner Flame              Hex/Fire       11%        N/A       19%         3
 Swiftness                Air            3%         N/A       36%         3
 Flame Wave               Conj/Fire      14%        2d6       41%         4
 Airstrike                Air            1%         N/A       77%         4


Dungeon Overview and Level Annotations

Branches:
Dungeon (2/15)

Altars:

Annotations:
D:2 Robin, Sigmund


Message History

An adder is nearby!
You start resting.
HP restored.
The endoplasm quivers.
Casting: Conjure Flame (extremely dangerous; 13% risk of failure)
Confirm with . or Enter, or press ? or * to list all spells.
You conjure some foxfire!
The foxfire hits the endoplasm.
The endoplasm is heavily wounded.
You hit the endoplasm but do no damage.
The endoplasm is heavily wounded.
The foxfire hits the endoplasm.
The endoplasm is heavily wounded.
You hit the endoplasm.
You kill the endoplasm!
The adder hisses angrily.
Found a murky coppery potion.
Casting: Foxfire (safe; 4% risk of failure)
Confirm with . or Enter, or press ? or * to list all spells.
The spell is extremely dangerous to miscast (13% risk of failure)!
Continue anyway?
The fire begins to smoulder!
The adder bites you.
You are poisoned.
The adder poisons you! The adder misses you.
You feel sick.
The adder smothers the flame.
You miss the adder.
You feel sick. The adder misses you. The adder closely misses you.
You miss the adder.
You feel sick. The adder barely misses you.
You closely miss the adder.
You feel sick.
You are no longer poisoned.
The adder barely misses you.
You closely miss the adder. The adder bites you. x2
* * * LOW HITPOINT WARNING * * *
Casting: Conjure Flame (extremely dangerous; 13% risk of failure)
Confirm with . or Enter, or press ? or * to list all spells.
You conjure some foxfire!
The adder bites you.
* * * LOW HITPOINT WARNING * * *
Your foxfire dissipates!
The foxfire hits the adder.
The adder is lightly wounded.
The adder bites you.
You die...

##..# ...# #.. ....
#..# #.# ... ######..#
#.##..S
........########......
.....................!
................?>##
.......#####.###..#
.##....#.###.###@.#
.##....#.......S§.#
...#.#.#.###.####.#
.#.#.#.# .... !#
.....#.# ###.# ##
.....#.# #.# ##.. #.#
#.# .'.....# #+#
##...###


You could see an adder.

Vanquished Creatures
  A worm (D:2)
  A dart slug (D:2)
  5 ball pythons
  6 endoplasms
  6 goblins (D:2)
  2 jackals (D:2)
  A quokka (D:1)
  4 bats
  3 frilled lizards
  7 kobolds
  A rat (D:2)
37 creatures vanquished.

Vanquished Creatures (others)
  49 foxfires
49 creatures vanquished.

Grand Total: 86 creatures vanquished

Notes
Turn   | Place    | Note
-------+----------+-------------------------------------------
     0 | D:1      | Plasmo the Deep Elf Fire Elementalist began the quest for
                  | the Orb.
     0 | D:1      | Reached XP level 1. HP: 10/10 MP: 6/6
   822 | D:2      | Reached XP level 2. HP: 15/15 MP: 6/8
  1011 | D:2      | Noticed Sigmund
  1112 | D:2      | Reached XP level 3. HP: 16/20 MP: 5/9
  1112 | D:2      | Found a faded altar of an unknown god.
  1118 | D:2      | Learned a level 3 spell: Conjure Flame
  1279 | D:2      | Noticed Robin
  1593 | D:2      | HP: 1/20 [adder (2)]
  1594 | D:2      | Slain by an adder

Illustrated notes

Levels and vault maps discovered:
D:1:      eino_arrival_cavern_a, layout_loops_ring, serial_bayou_pond_d
D:2:      minmay_spotlight, layout_basic, nicolae_ecumenical_snake_handling,
          uniq_sigmund, uniq_robin, uniq_crazy_yiuf_cottage

Action                   || total
-------------------------++-------
Melee: Short sword       ||    50
       Unarmed           ||     3
 Cast: Foxfire           ||    34
       Conjure Flame     ||     4
  Use: Potion            ||     2
       Scroll            ||     2
 Stab: Sleeping          ||     3
Armor: Robe              ||     7
Dodge: Dodged            ||    34
